 Dungeon Crawl Stone Soup version 0.30-a0-125-g51eefa89be (webtiles) character file.

Game seed: 2932377907583286764

7017 juncz the Frost Mage (level 10, -5/74 HPs)
             Began as a White Draconian Ice Elementalist on Sept 18, 2022.
             Was an Initiate of Gozag.
             Incinerated by a deep elf pyromancer (10 damage)
             ... with a sticky flame
             ... on level 10 of the Dungeon.
             The game lasted 00:55:54 (11350 turns).

juncz the Frost Mage (DrIE)                        Turns: 11350, Time: 00:55:54

Health: -5/74      AC: 13    Str: 14    XL:     10   Next: 82%
Magic:  18/23      EV: 10    Int: 19    God:    Gozag
Gold:   332        SH: 12    Dex: 12    Spells: 21/28 levels left

rFire   x . .      SeeInvis .    G - +2 flail (holy)
rCold   + + .      Faith    .    D - +2 kite shield
rNeg    . . .      Spirit   .    (body armour unavailable)
rPois   .          Reflect  .    (helmet restricted)
rElec   .          Harm     .    r - +0 cloak
rCorr   .          Rampage  .    N - +2 pair of gloves {Str+3}
Will    .....                    e - +1 pair of boots
Stlth   +.........               (no amulet)
HPRegen 0.22/turn                L - ring of wizardry
MPRegen 0.18/turn                s - ring of ice

@: on fire, short of breath, gold aura, freezing walls, glowing
A: breathe frost, AC +7, unfitting armour, cold resistance 1, cold-blooded
a: Breathe Frost, Renounce Religion, Potion Petition, Call Merchant, Bribe
Branch


You were on level 10 of the Dungeon.
You worshipped Gozag.
Gozag was aware of your devotion.
You visited 2 branches of the dungeon, and saw 11 of its levels.
You also visited: Ossuary and Bailey.

You collected 1024 gold pieces.
You spent 588 gold pieces at shops.
You paid 104 gold pieces to Gozag.

Inventory:

Hand Weapons
 d - a +0 club
 G - a +2 flail of holy wrath (weapon)
Missiles
 c - 91 stones (quivered)
Armour
 e - a +1 pair of boots (worn)
 i - a +0 tower shield
 r - a +0 cloak (worn)
 D - a +2 kite shield (worn)
 J - a scarf of harm
 N - a +2 pair of gloves of strength (worn)
Jewellery
 o - a ring of protection from fire
 p - a +4 ring of protection
 s - a ring of ice (right hand)
 w - a ring of protection from cold
 F - a ring of resist corrosion
 K - a ring of fire
 L - a ring of wizardry (left hand)
 M - a ring of willpower
Wands
 I - a wand of polymorph (4)
 U - a wand of acid (3)
Scrolls
 a - 2 scrolls of summoning
 f - 2 scrolls of enchant armour
 g - 4 scrolls of immolation
 j - a scroll of amnesia
 k - 2 scrolls of butterflies
 m - 4 scrolls of fear {unknown}
 t - 3 scrolls of teleportation
 u - 3 scrolls of noise {unknown}
 v - a scroll of torment {unknown}
 y - a scroll of enchant weapon {unknown}
 B - a scroll of blinking {unknown}
 H - a scroll of poison {unknown}
 P - a scroll of magic mapping {unknown}
 Q - 2 scrolls of identify
 R - a scroll of vulnerability {unknown}
 S - a scroll of silence {unknown}
Potions
 b - 5 potions of curing
 h - 2 potions of brilliance {unknown}
 l - 3 potions of flight {unknown}
 n - a potion of cancellation {unknown}
 q - 4 potions of lignification {unknown}
 x - 2 potions of heal wounds {unknown}
 z - 3 potions of magic
 A - a potion of haste
 E - 2 potions of mutation {unknown}
 O - a potion of invisibility {unknown}
 T - a potion of degeneration {unknown}


   Skills:
 + Level 2.6 Fighting
 - Level 2.0 Dodging
 - Level 2.0 Stealth
 + Level 7.2 Shields
 + Level 9.5 Spellcasting
 + Level 2.3 Conjurations
 + Level 2.4 Translocations
 + Level 12.8 Ice Magic


You had 21 spell levels left.
You knew the following spells:

 Your Spells              Type           Power      Damage    Failure   Level
a - Freeze                Ice            100%       1d11      1%          1
b - Frozen Ramparts       Ice            100%       1d16      1%          3
c - Ozocubu's Armour      Ice            72%        N/A       1%          3

Your spell library contained the following spells:

 Spells                   Type           Power      Damage    Failure   Level
 Hailstorm                Conj/Ice       54%        3d12      3%          4
 Beastly Appendage        Tmut           18%        N/A       9%          1
 Wereblood                Tmut           9%         N/A       12%         2
 Kindle Blastsparks       Fire/Tloc/Air  24%        2d12      16%         3
 Spider Form              Tmut/Pois      9%         N/A       24%         3
 Iskenderun's Mystic Bla  Conj/Tloc      18%        2d6       28%         4
 Fulminant Prism          Conj/Hex       6%         3d7       43%         4
 Lee's Rapid Deconstruct  Erth           4%         3d6*      89%         5


Dungeon Overview and Level Annotations

Branches:
Dungeon (10/15)            Temple (1/1) D:4         Ossuary (visited)
 Bailey (visited)
   Lair: D:8-11         Orc: D:9-12

Altars:
Ashenzari
Cheibriados
Dithmenos
Elyvilon
Fedhas
Gozag
Hepliaklqana
Kikubaaqudgha
Makhleb
Nemelex Xobeh
Okawaru
Qazlal
Ru
Sif Muna
Trog
Uskayaw
Vehumet
Wu Jian
Xom
Yredelemnul
Zin
The Shining One

Shops:
D:1 [?[:   D:8 =


Innate Abilities, Weirdness & Mutations

You can breathe waves of freezing cold which knock back foes.
Your icy white scales are hard. (AC +7)
You cannot fit into any form of body armour.
Your flesh is cold resistant. (rC+)
You are cold-blooded and may be slowed by cold attacks.


Message History

The wall freezes the deep elf pyromancer!
The deep elf pyromancer points at you and mumbles some strange words.
The bolt of fire hits you!!!
Your icy armour melts away.
The fire burns you terribly!
Ouch! That really hurt!
* * * LOW HITPOINT WARNING * * *
Aiming: Iceblast
Press: ? - help, Shift-Dir - straight line, f - deep elf pyromancer
Aim: a deep elf pyromancer, wielding a +0 long sword and wearing a +0 leather armour (moderately wounded)
The mass of ice explodes!
The iceblast engulfs the deep elf pyromancer!
The deep elf pyromancer is heavily wounded.
The iceblast engulfs the orc wizard!
The orc wizard is almost dead.
The now-empty wand crumbles to dust.
You hear a bellow! x4
The wall freezes the deep elf pyromancer but does no damage.
The deep elf pyromancer points at you and mumbles some strange words.
The sticky flame hits you but does no damage.
You are covered in liquid flames!
Aiming: Corrosive Bolt
Press: ? - help, Shift-Dir - straight line, f/p - deep elf pyromancer
Aim: a deep elf pyromancer, wielding a +0 long sword and wearing a +0 leather armour (moderately wounded, 60% to hit)
The bolt of acid hits the deep elf pyromancer!
The acid corrodes the deep elf pyromancer!
The deep elf pyromancer is heavily wounded.
You are covered in liquid flames!
* * * LOW HITPOINT WARNING * * *
The wall freezes the deep elf pyromancer!
Aiming: Breathe Frost (3% risk of failure)
Press: ? - help, Shift-Dir - straight line, f/p - deep elf pyromancer
Aim: a deep elf pyromancer, wielding a +0 long sword and wearing a +0 leather armour (almost dead, covered in acid, 56% to hit)
You exhale a wave of freezing cold.
The freezing breath hits the deep elf pyromancer!
You kill the deep elf pyromancer!
The freezing breath hits the shadow.
The shadow completely resists.
You are covered in liquid flames!
You die...
Your body crumbles into a pile of gold.

#..........#
#..........#
#..........####
#####:.............
..........)........
.....
...........<.......
......
####............##
...... ....
#...o........# ......
......#
#.W.$$@......####......
......#
#..#######..$$........
......# #..# #..$.....#
......#
#..#######.$###...#
......#####...........#
#..O#
..........c...........#
#.{.#
......................#
#...#
......c#######..{.....#
#...# ####...#
#.......c###...#


You could see a shadow and an orc wizard.

Vanquished Creatures
  2 two-headed ogres
  An orc knight (Bailey)
  A deep elf zephyrmancer (Bailey)
  A deep elf pyromancer (D:10)
  6 yaks (D:10)
  A shadow (D:7)
  An acid dragon (D:8)
  2 water moccasins
  6 orc warriors
  A sky beast (D:6)
  2 black bears (D:7)
  2 ogres (D:8)
  2 wolves (D:9)
  3 centaurs
  2 gnoll sergeants (D:8)
  6 bullfrogs
  2 wights (D:10)
  3 howler monkeys
  4 centaur zombies (Ossuary)
  9 hounds
  5 orc priests
  5 jellies
  Crazy Yiuf (D:6)
  2 gnoll boudas
  Natasha (thrice) (D:2)
  6 orc wizards
  6 mummies (Ossuary)
  A howler monkey zombie (D:9)
  11 gnolls
  11 adders
  A shadow imp (D:5)
  A white imp (D:8)
  4 worms
  4 dart slugs
  27 orcs
  7 endoplasms
  4 giant cockroaches
  5 goblins
  8 hobgoblins
  6 jackals
  6 quokkas
  7 ball pythons
  6 bats
  4 frilled lizards
  2 hobgoblin zombies (Ossuary)
  19 kobolds
  9 rats
228 creatures vanquished.

Vanquished Creatures (others)
  29 plants (D:8)
  A withered plant (D:9)
30 creatures vanquished.

Grand Total: 258 creatures vanquished

Notes
Turn   | Place    | Note
-------+----------+-------------------------------------------
     0 | D:1      | juncz the Draconian Ice Elementalist began the quest for
                  | the Orb.
     0 | D:1      | Reached XP level 1. HP: 14/14 MP: 3/3
   279 | D:1      | Found Syllitt's Antique Armour Emporium.
   345 | D:1      | Reached XP level 2. HP: 20/20 MP: 3/5
   510 | D:1      | Found Cannaer's Book Shoppe.
   779 | D:1      | Found Lalumois's Magic Scroll Shoppe.
   796 | D:1      | Found Xipseibua's Armour Shop.
  1008 | D:1      | Reached XP level 3. HP: 26/26 MP: 3/6
  1017 | D:1      | Learned a level 3 spell: Frozen Ramparts
  1021 | D:1      | Learned a level 3 spell: Ozocubu's Armour
  1572 | D:2      | Noticed Natasha
  1579 | D:2      | Killed Natasha
  1692 | D:2      | Reached XP level 4. HP: 27/33 MP: 4/8
  2086 | D:2      | Noticed Natasha
  2099 | D:2      | Killed Natasha
  2100 | D:2      | Reached skill level 5 in Ice Magic
  2411 | D:2      | Noticed Natasha
  2421 | D:2      | Killed Natasha
  2422 | D:2      | Reached XP level 5. HP: 37/38 MP: 1/10
  2953 | D:2      | Found a faded altar of an unknown god.
  3038 | D:2      | Found a shimmering blue altar of Sif Muna.
  3116 | D:1      | Bought a scroll of identify for 28 gold pieces
  3809 | D:3      | Found a sacrificial altar of Ru.
  3922 | D:4      | Reached skill level 1 in Shields
  3961 | D:4      | Reached XP level 6. HP: 27/45 MP: 1/12
  4306 | D:4      | Found a staircase to the Ecumenical Temple.
  4315 | Temple   | Entered the Ecumenical Temple
  4315 | Temple   | Found a transporter.
  4315 | Temple   | Found a transporter.
  4317 | Temple   | Found a transporter.
  4317 | Temple   | Found a transporter.
  4804 | D:5      | Entered Level 5 of the Dungeon
  4951 | D:5      | Noticed a water moccasin
  4957 | D:5      | Killed a water moccasin
  4958 | D:5      | Reached skill level 6 in Ice Magic
  4997 | D:5      | Noticed a two-headed ogre
  5008 | D:5      | Killed a two-headed ogre
  5009 | D:5      | Reached skill level 5 in Spellcasting
  5009 | D:5      | Reached skill level 7 in Ice Magic
  5009 | D:5      | Your scales start taking on an icy white colour.
  5009 | D:5      | Reached skill level 8 in Ice Magic
  5009 | D:5      | Reached XP level 7. HP: 7/50 MP: 1/15
  5009 | D:5      | Gained mutation: Your flesh is cold resistant. (rC+) [White
                  | Draconian growth]
  5009 | D:5      | Reached XP level 8. HP: 9/57 MP: 1/16
  5331 | D:5      | Found a sand-covered staircase.
  5336 | Ossuary  | Entered an ossuary
  5374 | Ossuary  | Reached skill level 9 in Ice Magic
  6127 | D:6      | Found a stormy altar of Qazlal.
  6130 | D:6      | Identified the +10 trident "Haedeinna" {antimagic, Str+3}
  6390 | D:6      | Found a runed translucent door.
  6391 | D:6      | Noticed Crazy Yiuf
  6396 | D:6      | Killed Crazy Yiuf
  6897 | D:7      | Reached skill level 10 in Ice Magic
  6921 | D:7      | Found an iron altar of Okawaru.
  7106 | D:7      | Reached XP level 9. HP: 59/62 MP: 11/20
  7437 | D:7      | Found an opulent altar of Gozag.
  7457 | D:7      | Reached skill level 11 in Ice Magic
  7628 | D:7      | Found a burning altar of Makhleb.
  7630 | D:7      | Found a sparkling altar of Nemelex Xobeh.
  7631 | D:7      | Found a bloodstained altar of Trog.
  7636 | D:7      | Became a worshipper of Gozag Ym Sagoz the Greedy
  8048 | D:8      | Found Ophuen's Jewellery Shoppe.
  8417 | D:8      | Found a flagged portal.
  8464 | Bailey   | Entered a bailey
  8489 | Bailey   | Reached skill level 5 in Shields
  8571 | Bailey   | Noticed an orc knight
  8583 | Bailey   | Killed an orc knight
  8775 | Bailey   | Found a large runed translucent door.
  8775 | Bailey   | Found a large runed translucent door.
  8781 | Bailey   | Noticed a deep elf zephyrmancer
  8883 | Bailey   | Killed a deep elf zephyrmancer
  8884 | Bailey   | Reached skill level 12 in Ice Magic
  8884 | Bailey   | Reached XP level 10. HP: 52/69 MP: 12/22
  8940 | Bailey   | Identified the +3 scale mail of Masochism {rF+ rC+ Int+4}
 10440 | D:1      | Bought a book of Blasting for 560 gold pieces
 10750 | D:10     | Entered Level 10 of the Dungeon
 10777 | D:10     | Reached skill level 1 in Fighting
 10777 | D:10     | Reached skill level 1 in Conjurations
 10777 | D:10     | Reached skill level 1 in Translocations
 10792 | D:10     | Noticed a two-headed ogre
 10827 | D:10     | Killed a two-headed ogre
 10841 | D:10     | Noticed a deep elf pyromancer
 11350 | D:10     | Killed a deep elf pyromancer
 11350 | D:10     | Incinerated by a deep elf pyromancer

Illustrated notes

Levels and vault maps discovered:
D:1:      dpeg_arrival_arbitrary_a, layout_basic, serial_shops,
          nicolae_diamond_shop, nicolae_diamond_shop, shop, nicolae_shop_trees,
          hangedman_decor_lopped, nicolae_concentric_dashed_squares_mild,
          minivault_4, chequers_serial_rivers_small_3, st_stairs_11,
          minmay_tromino_i2
D:2:      minmay_chambers_of_twos, layout_basic, basic_altar,
          shapermc_ecumenical_altar_pompeii, uniq_natasha
D:3:      layout_rooms, nicolae_ru_path_of_blood, minmay_misc_feat_roman
D:4:      layout_loops_ring, temple_fountains, minmay_fractal_squares_5
D:5:      layout_rooms, enter_ossuary_2
D:6:      layout_loops_ring, general_overflow_altar, serial_bayou_pond_e,
          kennysheep_small_square, uniq_crazy_yiuf_cottage
D:7:      layout_cave_pools, grunt_temple_overflow_open
D:8:      kennysheep_housing_project, layout_basic, serial_shops,
          nicolae_shop_behind_doors, enter_bailey_8, minivault_1
D:9:      layout_irregular_city, erik_lair_island, serial_undead,
          serial_undead_f, serial_undead_b, serial_undead_a, serial_undead_f,
          serial_undead_b, serial_undead_c, serial_undead_c, serial_undead_a,
          kennysheep_generic_room_10, uniq_prince_ribbit1, uniq_maggie
D:10:     layout_small_grid, nrook_mini_backslash, evilmike_minifort
Temple:   hellmonk_temple_divided_pantheon

Skill      XL: |  1  2  3  4  5  6  7  8  9 10 |
---------------+-------------------------------+-----
Dodging        | 2 |  2.0
Stealth        | 2 |  2.0
Spellcasting   | 3 4 5 7 8 9 |  9.5
Ice Magic      | 5 8 10 12 | 12.8
Shields        | 1 4 6 7 |  7.2
Fighting       | 2 |  2.6
Conjurations   | 2 |  2.3
Translocations | 2 |  2.4

Action                   |  1- 3 |  4- 6 |  7- 9 | 10-12 || total
-------------------------+-------+-------+-------+-------++-------
Melee: Club              |    26 |    19 |    14 |       ||    59
       Tailslap          |     6 |     2 |     8 |     6 ||    22
       Punch             |     1 |       |       |       ||     1
       Flail             |       |       |    22 |    28 ||    50
Throw: Stone             |     3 |    10 |     9 |     4 ||    26
 Cast: Freeze            |    42 |    47 |    71 |    42 ||   202
       Frozen Ramparts   |     3 |    25 |    44 |    22 ||    94
       Ozocubu's Armour  |     1 |     7 |     9 |    12 ||    29
 Abil: Breathe Frost     |       |       |     2 |     2 ||     4
Evoke: Wand              |       |       |    23 |     2 ||    25
  Use: Scroll            |     1 |     2 |     5 |       ||     8
       Potion            |       |       |     1 |       ||     1
 Stab: Sleeping          |     1 |       |       |       ||     1
Armor: Skin              |    19 |    40 |   143 |    28 ||   230
Dodge: Dodged            |    34 |    52 |   156 |    26 ||   268
Block: Kite shield       |       |       |    24 |    63 ||    87

Table legend: (Time is in decaauts)
 A = Elapsed time spent in this place.
 B = Non-inter-level travel time spent in this place.
 C = Inter-level travel time spent in this place.
 D = Time resting spent in this place.
 E = Time spent auto-exploring this place.
 F = Levels seen in this place.
 G = Mean time per level.
                   A        B        C        D        E       F      G
               +--------+--------+--------+--------+--------+-----+--------+
         Total |  11412 |  10760 |    652 |   2524 |   5661 |  13 |  877.8 |
       Dungeon |  10419 |   9777 |    642 |   2115 |   5473 |  10 | 1041.9 |
        Temple |     59 |     49 |     10 |      0 |      6 |   1 |   59.0 |
       Ossuary |    397 |    397 |      0 |    183 |     55 |   1 |  397.0 |
        Bailey |    535 |    535 |      0 |    226 |    127 |   1 |  535.0 |
               +--------+--------+--------+--------+--------+-----+--------+

Top non-repeatable levels by time:
     D:8: 1937 daAuts
     D:2: 1738 daAuts
     D:1: 1522 daAuts
     D:6: 1145 daAuts
     D:4: 900 daAuts
     D:7: 881 daAuts
     D:5: 749 daAuts
     D:3: 737 daAuts
     D:9: 617 daAuts
  Bailey: 535 daAuts
 Ossuary: 397 daAuts
    D:10: 189 daAuts
  Temple: 59 daAuts
